 Dungeon Crawl Stone Soup version 0.31-a0-700-gf13585253f (webtiles) character file.

Game seed: 15166552120782723718

17672 qw the Skirmisher (level 12, -7/84 HPs)
             Began as a Gargoyle Hunter on Sept 7, 2023.
             Was a Priest of Okawaru.
             Mangled by a yak (8 damage)
             ... on level 2 of the Lair of Beasts.
             The game lasted 00:06:09 (11146 turns).

qw the Skirmisher (Gargoyle Hunter)                Turns: 11146, Time: 00:06:10

Health: -7/84      AC: 23    Str: 16    XL:     12   Next: 50%
Magic:  15/15      EV: 23    Int: 10    God:    Okawaru [***...]
Gold:   286        SH:  0    Dex: 17    Spells: 11/11 levels left

rFire   . . .        Y - +3 shortbow
rCold   + . .        (shield currently unavailable)
rNeg    + . .        n - +2 leather armour {rC+}
rPois   inf          m - +0 helmet
rElec   +            k - +0 cloak
rCorr   .            o - +0 pair of gloves
SInv    .            (no boots)
Will    .....        (no amulet)
Stlth   +++          f - +4 ring of protection
HPRegen 0.34/turn    l - +5 ring of evasion
MPRegen 0.14/turn

%: no passive effects
@: heroic
A: sickness immunity, AC +8, negative energy resistance 1, electricity
resistance, torment resistance 1, petrification resistance
a: Renounce Religion, Heroism


You were on level 2 of the Lair of Beasts.
You worshipped Okawaru.
Okawaru was most pleased with you.
You visited 3 branches of the dungeon, and saw 11 of its levels.
You also visited: Sewer.

You collected 520 gold pieces.
You spent 234 gold pieces at shops.


Innate Abilities, Weirdness & Mutations

You are immune to sickness and miasma.
Your stone body is resilient. (AC +8)
You are immune to poison.
You resist negative energy. (rN+)
You are resistant to electric shocks. (rElec)
You are resistant to unholy torment.
You are immune to petrification.


   Skills:
 - Level 13.0(18.0) Fighting
 - Level 14.0(19.0) Ranged Weapons
 - Level 5.0(10.0) Armour
 + Level 6.2(11.2) Dodging
 - Level 1.1(6.1) Stealth
 - Level 4.0 Invocations


You had 11 spell levels left.
You didn't know any spells.
Your spell library was empty.

Inventory:

Hand Weapons
 Y - a +3 shortbow (weapon)
Armour
 k - a +0 cloak (worn)
 m - a +0 helmet (worn)
 n - a +2 leather armour of cold resistance (worn)
 o - a +0 pair of gloves (worn)
Jewellery
 a - a ring of fire
 e - a ring of fire
 f - a +4 ring of protection (left hand)
 l - a +5 ring of evasion (right hand)
Scrolls
 i - a scroll of identify
Potions
 b - a potion of mutation {unknown}
 c - a potion of might
 d - a potion of degeneration {unknown}
 g - a potion of lignification {unknown}
 h - 2 potions of curing
 j - a potion of invisibility {unknown}
 p - a potion of resistance {unknown}

Dungeon Overview and Level Annotations

Branches:
Dungeon (8/15)             Temple (1/1) D:5            Lair (2/5) D:8
  Sewer (visited)
  Swamp: Lair:2-3    Shoals: Lair:2-3     Snake: Lair:2-3    Spider: Lair:2-3

Altars:
Ashenzari
Cheibriados
Dithmenos
Elyvilon
Fedhas
Gozag
Hepliaklqana
Kikubaaqudgha
Makhleb
Nemelex Xobeh
Okawaru
Qazlal
Ru
Sif Muna
Trog
Uskayaw
Vehumet
Wu Jian
Xom
Yredelemnul
Zin
The Shining One

Shops:
D:8 [

Annotations:
D:7 1 runed translucent door


Message History

11137 |||
Found retreat position at 0,1 (yak; floor) with 0 blocking monsters and 3 monsters attacking at destination at distance 1 You shoot an arrow.
The arrow hits the torpor snail!
The torpor snail is heavily wounded.
The yak barely misses you. x2; The torpor snail completely misses you.
You shoot an arrow. The arrow hits the torpor snail!
The torpor snail is severely wounded.
The yak barely misses you. The yak completely misses you.
11139 |||
Found retreat position at 0,1 (yak; floor) with 0 blocking monsters and 3 monsters attacking at destination at distance 1 You shoot an arrow.
The arrow hits the torpor snail!
The torpor snail is almost dead.
The torpor snail completely misses you. The yak gores you but does no damage.
The yak closely misses you.
You shoot an arrow. The arrow hits the torpor snail.
The torpor snail is almost dead.
The yak gores you. The yak closely misses you. The torpor snail bites you!
11141 |||
Found retreat position at 0,1 (yak; floor) with 0 blocking monsters and 3 monsters attacking at destination at distance 1 You shoot an arrow.
The arrow hits the torpor snail!
You kill the torpor snail!
Okawaru accepts your kill.
Okawaru will now gift you throwing weapons as you gain piety.
You feel yourself speed up. The yak misses you. The yak closely misses you.
You shoot an arrow. The arrow hits the yak!
The yak is moderately wounded.
The yak completely misses you.
You shoot an arrow. The arrow hits the yak.
The yak is moderately wounded.
The yak gores you but does no damage.
You shoot an arrow. The arrow hits the yak!
The yak is severely wounded.
The yak gores you!
You shoot an arrow. The arrow hits the yak!
The yak is almost dead.
The yak closely misses you. The yak completely misses you.
The yak barely misses you.
You shoot an arrow.
The arrow hits the yak but does no damage.
The yak is almost dead.
The yak closely misses you. The yak barely misses you. The yak gores you!
You die...

#### .# #..#####.
.\.# ##........
...#..........
#..YY........#
#@#./......
##Y#.._.....
.######YY.......#
...............##...
PP..............#...
.PP........%P%....#
...P.##...........#
.....#...##.#.#..#.#
.....P.....#.....###


You could see 5 yaks.

Vanquished Creatures
  Fannar (Lair:1)
  A boulder beetle (Lair:1)
  A hydra (Lair:2)
  3 death yaks (Lair:1)
  A skyshark (Lair:2)
  5 elephants (Lair:2)
  A black mamba (Lair:1)
  A torpor snail (Lair:2)
  4 cane toads (Lair:2)
  A rime drake (Lair:2)
  2 komodo dragons (Lair:2)
  Grinder (D:3)
  5 blink frogs (Lair:1)
  2 raiju (D:8)
  Sigmund (D:3)
  A basilisk (Lair:1)
  23 yaks
  A steam dragon (D:8)
  5 water moccasins
  2 orc warriors
  4 black bears (D:8)
  5 sky beasts
  2 centaurs
  2 phantoms (D:6)
  4 bullfrogs
  A gnoll sergeant (D:8)
  6 wights
  A scorpion (D:5)
  14 killer bees (D:7)
  A howler monkey (D:8)
  3 electric eels (D:8)
  A centaur zombie (D:4)
  A bullfrog zombie (D:4)
  5 orc priests
  2 jellies
  A gnoll bouda (D:6)
  A hound (D:6)
  4 iguanas
  A scorpion zombie (D:4)
  A sleepcap (D:5)
  6 orc wizards
  2 hound zombies (D:4)
  9 gnolls
  8 adders
  3 river rats (D:5)
  3 shadow imps
  A white imp (D:4)
  2 ufetubi (D:6)
  3 worms
  3 dart slugs
  35 orcs
  4 endoplasms
  3 giant cockroaches
  12 goblins
  6 hobgoblins
  2 quokkas
  9 ball pythons
  6 bats
  A frilled lizard (D:1)
  8 kobolds
  2 rats
250 creatures vanquished.

Notes
Turn   | Place    | Note
-------+----------+-------------------------------------------
     0 | D:1      | qw the Gargoyle Hunter began the quest for the Orb.
     0 | D:1      | Reached XP level 1. HP: 12/12 MP: 1/1
     0 | D:1      | 0 ||| qw: Version: 0.3-a-76-g4403597
     0 | D:1      | 0 ||| qw: Game counter: 581
     0 | D:1      | 0 ||| qw: Melee chars always use a shield: true
     0 | D:1      | 0 ||| qw: God list: Okawaru
     0 | D:1      | 0 ||| qw: Allow faded altars: false
     0 | D:1      | 0 ||| qw: Do Orc after clearing Dungeon:15 true
     0 | D:1      | 0 ||| qw: Do second Lair branch before Depths: true
     0 | D:1      | 0 ||| qw: Lair rune preference: random
     0 | D:1      | 0 ||| qw: Goals: Normal
     0 | D:1      | 0 ||| PLANNING D:1-11
    76 | D:1      | Reached XP level 2. HP: 17/17 MP: 2/2
   504 | D:1      | 504 ||| READING scroll labelled XAWYIKK DEADI.
   508 | D:1      | 508 ||| READING scroll labelled CONOPP ECZU.
   509 | D:1      | 509 ||| READING scroll labelled VEH EXZAMA.
   510 | D:1      | 510 ||| DROPPING scroll of butterflies.
   578 | D:2      | Reached XP level 3. HP: 21/21 MP: 3/3
   589 | D:2      | Reached skill level 5 in Ranged Weapons
  1281 | D:3      | Found a radiant altar of Vehumet.
  1306 | D:3      | 1306 ||| READING scroll of enchant weapon.
  1306 | D:3      | 1306 ||| ENCHANTING +1 shortbow.
  1360 | D:3      | Reached skill level 3 in Fighting
  1549 | D:3      | Noticed Sigmund
  1556 | D:3      | HP: 4/23 [something (8)]
  1557 | D:3      | HP: 1/23 [something (4)]
  1559 | D:3      | Killed Sigmund
  1560 | D:3      | Reached skill level 6 in Ranged Weapons
  1560 | D:3      | Reached XP level 4. HP: 2/28 MP: 4/4
  1560 | D:3      | Reached XP level 5. HP: 2/32 MP: 5/5
  1778 | D:3      | Noticed Grinder
  1782 | D:3      | Paralysed by Grinder for 3 turns
  1805 | D:3      | Killed Grinder
  1806 | D:3      | Reached XP level 6. HP: 18/40 MP: 6/6
  2310 | D:3      | 2310 ||| UPGRADING to +4 ring of protection.
  2311 | D:3      | 2311 ||| READING scroll labelled HEUDEJIRIAP.
  2312 | D:3      | 2312 ||| READING scroll labelled MINAPT GOAV.
  2341 | D:3      | 2341 ||| READING scroll labelled UGUPHU ROFRE.
  2401 | D:4      | Reached XP level 7. HP: 39/44 MP: 7/7
  2438 | D:4      | Reached skill level 7 in Ranged Weapons
  2441 | D:4      | HP: 9/44 [orc priest/divine providence (11)]
  2442 | D:4      | 2442 ||| READING 5 scrolls of teleportation.
  2653 | D:4      | HP: 6/44 [iguana (7)]
  2654 | D:4      | 2654 ||| READING 4 scrolls of teleportation.
  2656 | D:4      | HP: 2/44 [iguana (5)]
  3063 | D:4      | Found a basalt altar of Yredelemnul.
  3500 | D:4      | 3500 ||| UPGRADING to +0 ring mail.
  3510 | D:4      | 3510 ||| DROPPING +0 leather armour.
  3511 | D:4      | 3511 ||| DROPPING ring of magical power.
  3512 | D:4      | 3512 ||| READING scroll labelled JANNEFREECU.
  3513 | D:4      | 3513 ||| READING scroll labelled HUAF SESTAODYN.
  3540 | D:5      | Entered Level 5 of the Dungeon
  3541 | D:5      | 3541 ||| PLANNING SEWER
  3542 | D:5      | 3542 ||| STAIRDANCE
  3592 | D:5      | Reached skill level 1 in Armour
  3640 | D:5      | Found a shimmering blue altar of Sif Muna.
  3648 | D:5      | Reached skill level 8 in Ranged Weapons
  3701 | D:5      | Found a staircase to the Ecumenical Temple.
  3762 | D:5      | 3762 ||| DROPPING +2 sling of flaming.
  3792 | D:5      | Reached XP level 8. HP: 44/49 MP: 8/8
  3881 | D:5      | Found a blossoming altar of Fedhas.
  3881 | D:5      | Found a burning altar of Makhleb.
  3999 | D:5      | Found Zin's Purification Station.
  3999 | D:5      | Found a glowing silver altar of Zin.
  4007 | D:5      | 4007 ||| BUYING potion of curing (90 gold).
  4007 | D:5      | Bought a potion of curing for 90 gold pieces
  4093 | D:5      | Found a sparkling altar of Nemelex Xobeh.
  4245 | D:5      | Found a glowing drain.
  4246 | D:5      | 4246 ||| READING scroll labelled JICREE UNKYFUH.
  4247 | D:5      | 4247 ||| READING scroll labelled RYBYXOZX XEONI.
  4252 | Sewer    | Entered a sewer
  4291 | Sewer    | Reached skill level 9 in Ranged Weapons
  4333 | D:5      | 4333 ||| PLANNING TEMPLE
  4380 | Temple   | Entered the Ecumenical Temple
  4381 | Temple   | 4381 ||| PLANNING D:1-11
  4486 | D:6      | 4486 ||| DRINKING 2 potions of curing.
  4486 | D:6      | 4486 ||| (to cure confusion)
  4493 | D:6      | Reached skill level 6 in Fighting
  4818 | D:6      | Found a stormy altar of Qazlal.
  5032 | D:6      | Found a hazy altar of Hepliaklqana.
  5047 | D:6      | Reached skill level 10 in Ranged Weapons
  5071 | D:6      | Reached XP level 9. HP: 55/55 MP: 9/9
  5211 | D:6      | 5211 ||| UPGRADING to +0 leather armour of willpower.
  5221 | D:6      | 5221 ||| DROPPING +0 ring mail.
  5222 | D:6      | 5222 ||| UPGRADING to +2 leather armour of cold resistance.
  5232 | D:6      | 5232 ||| DROPPING +0 leather armour of willpower.
  5233 | D:6      | 5233 ||| UPGRADING to +5 ring of evasion.
  5234 | D:6      | 5234 ||| DRINKING 2 black potions.
  5235 | D:6      | 5235 ||| READING 2 scrolls of identify.
  5235 | D:6      | 5235 ||| IDENTIFYING fuming pink potion
  5236 | D:6      | 5236 ||| DROPPING potion of brilliance.
  5252 | D:7      | 5252 ||| RETREATING.
  5262 | D:7      | Reached skill level 3 in Dodging
  5323 | D:7      | Reached skill level 11 in Ranged Weapons
  5326 | D:7      | 5326 ||| FLEEEEING.
  5327 | D:7      | 5327 ||| FLEEEEING.
  5331 | D:7      | 5331 ||| STAIRDANCE
  5431 | D:7      | 5431 ||| Stepping ~*~*~tactically~*~*~ (retreating).
  5443 | D:7      | 5443 ||| RETREATING.
  5496 | D:7      | 5496 ||| FLEEEEING.
  5497 | D:7      | 5497 ||| FLEEEEING.
  5498 | D:7      | 5498 ||| FLEEEEING.
  5499 | D:7      | 5499 ||| FLEEEEING.
  5500 | D:7      | 5500 ||| FLEEEEING.
  5501 | D:7      | 5501 ||| STAIRDANCE
  5591 | D:7      | 5591 ||| STAIRDANCE
  5697 | D:7      | Reached XP level 10. HP: 62/64 MP: 10/10
  5818 | D:7      | Reached skill level 12 in Ranged Weapons
  5899 | D:7      | 5899 ||| Stepping ~*~*~tactically~*~*~ (outnumbered).
  6043 | D:7      | Found an iron altar of Okawaru.
  6044 | D:7      | 6044 ||| PLANNING OKAWARU WORSHIP
  6045 | D:7      | Found a runed translucent door.
  6050 | D:7      | Found the +0 toga "Victory" {*Victory Clar}
  6058 | D:7      | Became a worshipper of Warmaster Okawaru
  6059 | D:7      | 6059 ||| PLANNING D:1-11
  6926 | D:7      | 6926 ||| READING 2 scrolls of identify.
  6926 | D:7      | 6926 ||| IDENTIFYING emerald potion
  7038 | D:8      | 7038 ||| FLEEEEING.
  7114 | D:8      | Found a hide-covered altar of Uskayaw.
  7119 | D:8      | Found a broken altar of Ashenzari.
  7143 | D:8      | 7143 ||| RETREATING.
  7144 | D:8      | 7144 ||| Stepping ~*~*~tactically~*~*~ (retreating).
  7145 | D:8      | 7145 ||| Stepping ~*~*~tactically~*~*~ (retreating).
  7146 | D:8      | 7146 ||| Stepping ~*~*~tactically~*~*~ (retreating).
  7157 | D:8      | Reached * piety under Okawaru
  7161 | D:8      | 7161 ||| INVOKING Heroism.
  7162 | D:8      | 7162 ||| INVOKING Heroism.
  7189 | D:8      | 7189 ||| INVOKING Heroism.
  7191 | D:8      | Reached skill level 1 in Invocations
  7260 | D:8      | Found Moefi's Armour Shop.
  7269 | D:8      | 7269 ||| BUYING +0 cloak (72 gold).
  7269 | D:8      | Bought a +0 cloak for 72 gold pieces
  7269 | D:8      | 7269 ||| BUYING +0 helmet (72 gold).
  7269 | D:8      | Bought a +0 helmet for 72 gold pieces
  7408 | D:8      | Reached skill level 13 in Ranged Weapons
  7435 | D:8      | Found a hazy altar of Hepliaklqana.
  7469 | D:8      | 7469 ||| INVOKING Heroism.
  7481 | D:8      | 7481 ||| Stepping ~*~*~tactically~*~*~ (cloud).
  7483 | D:8      | 7483 ||| Stepping ~*~*~tactically~*~*~ (cloud).
  7617 | D:8      | 7617 ||| INVOKING Heroism.
  7619 | D:8      | 7619 ||| Stepping ~*~*~tactically~*~*~ (outnumbered).
  7635 | D:8      | Reached skill level 3 in Invocations
  7646 | D:8      | 7646 ||| INVOKING Heroism.
  7683 | D:8      | 7683 ||| INVOKING Heroism.
  7734 | D:8      | Found a staircase to the Lair.
  8009 | D:8      | 8009 ||| PLANNING LAIR
  8009 | D:8      | 8009 ||| UPGRADING to +0 cloak.
  8014 | D:8      | 8014 ||| UPGRADING to +0 helmet.
  8019 | D:8      | 8019 ||| DROPPING ring of positive energy.
  8030 | Lair:1   | Entered Level 1 of the Lair of Beasts
  8069 | Lair:1   | Noticed a black mamba
  8070 | Lair:1   | 8070 ||| INVOKING Heroism.
  8078 | Lair:1   | Killed a black mamba
  8079 | Lair:1   | Reached skill level 9 in Fighting
  8183 | Lair:1   | Noticed a boulder beetle
  8184 | Lair:1   | 8184 ||| INVOKING Heroism.
  8224 | Lair:1   | 8224 ||| INVOKING Heroism.
  8226 | Lair:1   | Reached skill level 3 in Armour
  8255 | Lair:1   | HP: 11/66 [boulder beetle (17)]
  8256 | Lair:1   | 8256 ||| READING 3 scrolls of teleportation.
  8256 | Lair:1   | HP: 5/66 [boulder beetle (7)]
  8257 | Lair:1   | 8257 ||| DRINKING 2 potions of heal wounds.
  8258 | Lair:1   | 8258 ||| INVOKING Heroism.
  8407 | Lair:1   | Reached XP level 11. HP: 71/71 MP: 14/14
  8435 | Lair:1   | 8435 ||| INVOKING Heroism.
  8595 | Lair:1   | 8595 ||| RETREATING.
  8597 | Lair:1   | 8597 ||| RETREATING.
  8599 | Lair:1   | 8599 ||| RETREATING.
  8600 | Lair:1   | 8600 ||| INVOKING Heroism.
  8604 | Lair:1   | 8604 ||| Stepping ~*~*~tactically~*~*~ (retreating).
  8605 | Lair:1   | 8605 ||| Stepping ~*~*~tactically~*~*~ (retreating).
  8606 | Lair:1   | 8606 ||| Stepping ~*~*~tactically~*~*~ (retreating).
  8624 | Lair:1   | 8624 ||| INVOKING Heroism.
  8649 | Lair:1   | 8649 ||| INVOKING Heroism.
  8671 | Lair:1   | Reached skill level 14 in Ranged Weapons
  8682 | Lair:1   | 8682 ||| INVOKING Heroism.
  8879 | Lair:1   | Noticed Fannar
  8882 | Lair:1   | 8882 ||| RETREATING.
  8909 | Lair:1   | 8909 ||| INVOKING Heroism.
  8916 | Lair:1   | Killed Fannar
  9124 | Lair:1   | Reached ** piety under Okawaru
  9172 | Lair:1   | Noticed a death yak
  9172 | Lair:1   | Noticed a death yak
  9173 | Lair:1   | 9173 ||| INVOKING Heroism.
  9173 | Lair:1   | Noticed a death yak
  9210 | Lair:1   | HP: 15/72 [death yak (16)]
  9211 | Lair:1   | 9211 ||| READING 2 scrolls of teleportation.
  9212 | Lair:1   | 9212 ||| DRINKING potion of heal wounds.
  9215 | Lair:1   | 9215 ||| INVOKING Heroism.
  9374 | Lair:1   | 9374 ||| RETREATING.
  9382 | Lair:1   | 9382 ||| RETREATING.
  9389 | Lair:1   | 9389 ||| INVOKING Heroism.
  9392 | Lair:1   | 9392 ||| RETREATING.
  9410 | Lair:1   | 9410 ||| RETREATING.
  9432 | Lair:1   | 9432 ||| INVOKING Heroism.
  9451 | Lair:1   | 9451 ||| INVOKING Heroism.
  9470 | Lair:1   | HP: 16/72 [death yak (11)]
  9471 | Lair:1   | 9471 ||| READING scroll of teleportation.
  9474 | Lair:1   | Killed a death yak
  9710 | Lair:1   | 9710 ||| INVOKING Heroism.
  9712 | Lair:1   | 9712 ||| RETREATING.
  9733 | Lair:1   | Killed a death yak
  9736 | Lair:1   | 9736 ||| INVOKING Heroism.
  9756 | Lair:1   | Killed a death yak
  9974 | Lair:1   | 9974 ||| INVOKING Heroism.
 10010 | Lair:1   | 10010 ||| INVOKING Heroism.
 10023 | Lair:1   | Killed a boulder beetle
 10169 | Lair:1   | 10169 ||| UPGRADING to +0 pair of gloves.
 10174 | Lair:1   | 10174 ||| READING scroll labelled DELOANW PUMN.
 10212 | Lair:2   | 10212 ||| PLANNING GAUNTLET
 10219 | Lair:2   | Noticed a skyshark
 10236 | Lair:2   | 10236 ||| INVOKING Heroism.
 10249 | Lair:2   | Killed a skyshark
 10346 | Lair:2   | 10346 ||| INVOKING Heroism.
 10350 | Lair:2   | 10350 ||| RETREATING.
 10353 | Lair:2   | 10353 ||| Stepping ~*~*~tactically~*~*~ (retreating).
 10363 | Lair:2   | 10363 ||| Stepping ~*~*~tactically~*~*~ (retreating).
 10364 | Lair:2   | 10364 ||| Stepping ~*~*~tactically~*~*~ (retreating).
 10364 | Lair:2   | Noticed a four-headed hydra
 10365 | Lair:2   | 10365 ||| Stepping ~*~*~tactically~*~*~ (retreating).
 10366 | Lair:2   | 10366 ||| Stepping ~*~*~tactically~*~*~ (retreating).
 10367 | Lair:2   | 10367 ||| Stepping ~*~*~tactically~*~*~ (retreating).
 10368 | Lair:2   | 10368 ||| Stepping ~*~*~tactically~*~*~ (retreating).
 10369 | Lair:2   | 10369 ||| Stepping ~*~*~tactically~*~*~ (retreating).
 10370 | Lair:2   | 10370 ||| INVOKING Heroism.
 10377 | Lair:2   | Reached XP level 12. HP: 58/80 MP: 12/15
 10386 | Lair:2   | Killed a four-headed hydra
 10387 | Lair:2   | Reached skill level 6 in Dodging
 10392 | Lair:2   | 10392 ||| INVOKING Heroism.
 10576 | Lair:2   | 10576 ||| RETREATING.
 10586 | Lair:2   | 10586 ||| Stepping ~*~*~tactically~*~*~ (retreating).
 10597 | Lair:2   | 10597 ||| Stepping ~*~*~tactically~*~*~ (retreating).
 10602 | Lair:2   | 10602 ||| INVOKING Heroism.
 10608 | Lair:2   | 10608 ||| Stepping ~*~*~tactically~*~*~ (retreating).
 10616 | Lair:2   | Reached skill level 12 in Fighting
 10629 | Lair:2   | 10629 ||| Stepping ~*~*~tactically~*~*~ (retreating).
 10639 | Lair:2   | 10639 ||| INVOKING Heroism.
 10643 | Lair:2   | HP: 12/81 [elephant (13)]
 10662 | Lair:2   | HP: 2/82 [komodo dragon (8)]
 10663 | Lair:2   | Reached *** piety under Okawaru
 10801 | Lair:2   | 10801 ||| RIP GAUNTLET
 10906 | Lair:2   | 10906 ||| PLANNING LAIR
 10947 | Lair:2   | 10947 ||| READING scroll of enchant weapon.
 10947 | Lair:2   | 10947 ||| ENCHANTING +2 shortbow.
 11065 | Lair:2   | 11065 ||| RETREATING.
 11075 | Lair:2   | 11075 ||| RETREATING.
 11075 | Lair:2   | Found a broken altar of Ashenzari.
 11077 | Lair:2   | 11077 ||| RETREATING.
 11102 | Lair:2   | 11102 ||| INVOKING Heroism.
 11117 | Lair:2   | 11117 ||| Stepping ~*~*~tactically~*~*~ (retreating).
 11121 | Lair:2   | 11121 ||| Stepping ~*~*~tactically~*~*~ (outnumbered).
 11122 | Lair:2   | 11122 ||| Stepping ~*~*~tactically~*~*~ (retreating).
 11123 | Lair:2   | 11123 ||| Stepping ~*~*~tactically~*~*~ (retreating).
 11124 | Lair:2   | 11124 ||| Stepping ~*~*~tactically~*~*~ (retreating).
 11125 | Lair:2   | 11125 ||| Stepping ~*~*~tactically~*~*~ (retreating).
 11126 | Lair:2   | 11126 ||| Stepping ~*~*~tactically~*~*~ (retreating).
 11127 | Lair:2   | 11127 ||| Stepping ~*~*~tactically~*~*~ (retreating).
 11128 | Lair:2   | 11128 ||| INVOKING Heroism.
 11140 | Lair:2   | HP: 12/84 [torpor snail (14)]
 11144 | Lair:2   | HP: 1/84 [yak (12)]
 11146 | Lair:2   | Mangled by a yak

Levels and vault maps discovered:
D:1:      doesnt_arrival_eight_statues, layout_rooms, hex_large,
          patterned_corridor
D:2:      layout_basic, grunt_ministairs_14, small_statue_intersection
D:3:      layout_basic, vehumet_crystals, minmay_misc_feat_columns,
          uniq_sigmund, uniq_grinder
D:4:      layout_cave_pods, nicolae_yredelemnul_corpse_copse,
          hangedman_abyss_or_decor_stabs, corexii_checkpoint_a
D:5:      layout_rooms, zin_purify, nicolae_overflow_crystal_walls,
          nemelex_altar_shiori, nicolae_overflow_two_pavilions,
          minmay_temple_entry_poolview, lightli_sewer_entry_pipes, hex_medium
D:6:      layout_basic, minivault_23, hangedman_feature_mirror,
          kennysheep_minor_cross
D:7:      layout_basic, nicolae_overflow_guarded_unrand_okawaru_victory,
          lightli_bailey_entry_fortress
D:8:      layout_basic, marbit_many_paths, grunt_temple_overflow_open,
          due_lair_maze_entry_diamond, serial_shops, shop,
          nicolae_have_a_lightning_rod
Temple:   bh_familiar_temple
Lair:1:   layout_roguey, uniq_fannar
Lair:2:   layout_concentric_octagons, basic_altar, gauntlet_entry_generic,
          serial_forest, infiniplex_forest_straight_3,
          infiniplex_forest_zigzag_1, infiniplex_forest_lined_3,
          infiniplex_forest_clump_C, infiniplex_forest_diagonal,
          infiniplex_forest_end_3, infiniplex_forest_clump_curved,
          infiniplex_forest_lined_3_way, infiniplex_forest_zigzag_1,
          infiniplex_forest_pool

Skill      XL: |  1  2  3  4  5  6  7  8  9 10 11 12 |
---------------+-------------------------------------+-----
Ranged Weapons | 6 8 10 11 13 14 | 14.0
Fighting       | 3 5 6 8 9 11 13 | 13.0
Dodging        | 2 3 4 5 6 |  6.2
Armour         | 1 2 3 4 5 |  5.0
Invocations    | 4 |  4.0
Stealth        | |  1.1

Action                     |  1- 3 |  4- 6 |  7- 9 | 10-12 || total
---------------------------+-------+-------+-------+-------++-------
   Fire: Shortbow          |   101 |    45 |   571 |  1049 ||  1766
 Invoke: Heroism           |       |       |       |    33 ||    33
    Use: Scroll            |     4 |     3 |     7 |     6 ||    20
         Potion            |       |       |     2 |     2 ||     4
 Armour: Leather armour    |    19 |    21 |   112 |   360 ||   512
         Ring mail         |       |       |   130 |       ||   130
  Dodge: Dodged            |    16 |     7 |   284 |   520 ||   827

Table legend:
 A = Non-vault XP
 B = Vault XP
 C = Vault XP percentage of total XP
 D = Non-vault monster count
 E = Vault monster count
 F = Vault count percentage of total count
                 A         B        C        D         E       F
            +---------+---------+-------+---------+---------+-------
      Total |   21461 |    3785 |  15.0 |     202 |      48 |  19.2
            +---------+---------+-------+---------+---------+-------
        D:1 |      31 |       0 |   0.0 |      17 |       0 |   0.0
        D:2 |      25 |       3 |  10.7 |      11 |       2 |  15.4
        D:3 |      19 |     509 |  96.4 |      11 |       2 |  15.4
        D:4 |     233 |     177 |  43.2 |      21 |       7 |  25.0
        D:5 |     417 |      49 |  10.5 |      15 |       5 |  25.0
        D:6 |     612 |     148 |  19.5 |      21 |       2 |   8.7
        D:7 |    3223 |      75 |   2.3 |      44 |      12 |  21.4
        D:8 |     914 |    1813 |  66.5 |      17 |      14 |  45.2
     Lair:1 |    8244 |     860 |   9.4 |      27 |       1 |   3.6
     Lair:2 |    7743 |       0 |   0.0 |      18 |       0 |   0.0
      Sewer |       0 |     151 | 100.0 |       0 |       3 | 100.0
            +---------+---------+-------+---------+---------+-------
